 Dungeon Crawl Stone Soup version 0.31-a0-507-gbafd7f5274 (webtiles) character file.

Game seed: 4510958375311498052

66 spiderkeys the Insei (level 4, -2/29 HPs)
             Began as an Octopode Shapeshifter on Aug 9, 2023.
             Slain by a gnoll
             ... wielding a +0 spear
              (5 damage)
             ... on level 2 of the Dungeon.
             The game lasted 00:01:25 (1150 turns).

spiderkeys the Insei (Octopode Shapeshifter)        Turns: 1150, Time: 00:01:25

Health: -2/29      AC:  1    Str: 14    XL:     4   Next: 15%
Magic:  4/4        EV: 13    Int: 10    God:
Gold:   80         SH:  0    Dex: 14    Spells: 3/3 levels left

rFire   . . .        n - +1 long sword (protect)
rCold   . . .        (no shield)
rNeg    . . .        (helmet currently unavailable)
rPois   .            (no amulet)
rElec   .            (no ring)
rCorr   .            (no ring)
SInv    .            (no ring)
Will    .....        (no ring)
Stlth   ++           (no ring)
HPRegen 0.24/turn    (no ring)
MPRegen 0.09/turn    (no ring)
                     (no ring)

%: no passive effects
@: lethally poisoned (-2 -> -6), beast-form
A: beast (slay +2), almost no armour, amphibious, 8 rings, camouflage 1,
gelatinous body 1, (nimble swimmer 1), tentacles
a: Begin Untransformation


You were on level 2 of the Dungeon.
You were a hulking beast.
You visited 1 branch of the dungeon, and saw 2 of its levels.

You collected 80 gold pieces.


Innate Abilities, Weirdness & Mutations

You are a hulking beast.
Your limbs bulge with bestial killing power. (Slay +2)
You cannot wear most types of armour.
You are amphibious.
You can wear up to eight rings at the same time.
Your skin changes colour to match your surroundings (Stealth+).
Your rubbery body absorbs attacks. (AC +1, EV +1)
((You are camouflaged when in or above water. (Stealth+)))
You have tentacles for arms and can constrict up to eight enemies at once.


   Skills:
 + Level 2.0 Fighting
 + Level 2.7 Dodging
 + Level 3.5 Unarmed Combat
 + Level 3.3 Shapeshifting


You had 3 spell levels left.
You didn't know any spells.
Your spell library contained the following spells:

 Spells                   Type           Power      Damage    Failure   Level
 Vhi's Electric Charge    Tloc/Air       0%         N/A       75%         3
 Arcjolt                  Conj/Air       0%         1d10      100%        5
 Maxwell's Capacitive Co  Air            0%         ∞         100%        8

Inventory:

Hand Weapons
 n - a +1 long sword of protection (weapon)
   (You found it on level 2 of the Dungeon)
Missiles
 e - 7 stones
Talismans
 b - a beast talisman (active)
 c - a flux talisman
Scrolls
 f - a scroll of brand weapon {unknown}
 g - a scroll of noise {unknown}
 i - a scroll of blinking {unknown}
 j - a scroll of identify {unknown}
 k - a scroll of acquirement {unknown}
 l - a scroll of torment {unknown}
 m - a scroll of fear {unknown}
Potions
 a - a potion of lignification {!q}
 d - a potion of curing {unknown}
 h - a potion of ambrosia {unknown}

Dungeon Overview and Level Annotations

Branches:
Dungeon (2/15) Zot: 10851

Altars:
Fedhas

##### #...# #.#.#
########...#
#........#.#####...
#......#.#.hS.....#
####......#.#.g.g....#
###.........###!..g.g..#
..####......# #........#
#.####.....[# ##....K...
#...........# #........
#..###......# #........
.............. #......#.
###########.##


You could see 3 gnolls, an adder, a goblin and a kobold.


Message History

😕 HP[-2]
You take 2 damage, and now have 27/29 hp.
You miss the frilled lizard. Your grab misses the frilled lizard.
Your tentacle-slap misses the frilled lizard.
Your squeeze misses the frilled lizard.
The frilled lizard completely misses you.
You tentacle-slap the frilled lizard.
You kill the frilled lizard!
m - a scroll labelled NEJOHO WUMAFF 😎 HP[+2]
Your hp is fully restored (29).
You see here a frilled lizard corpse.
Found a stone staircase leading down.
You see here a +1 long sword of protection.
A giant cockroach comes into view.
The helpless giant cockroach fails to defend itself.
You tentacle-slap the giant cockroach.
You kill the giant cockroach!
No target in view!
No target in view!
No target in view!
You see here a +1 long sword of protection.
n - a +1 long sword of protection Your +1 long sword of protection hums with potential!
n - a +1 long sword of protection (weapon)
You see here a giant cockroach corpse.
A frilled lizard comes into view.
A frilled lizard is nearby!
A frilled lizard is nearby!
A rat comes into view.
Found a stone staircase leading up.
The rat misses you.
You completely miss the rat. Your grab misses the rat. You squeeze the rat.
You kill the rat!
The frilled lizard hisses angrily.
You hit the frilled lizard.
Your weapon exudes an aura of protection.
You kill the frilled lizard!
No target in view!
No target in view!
Key pressed, stopping explore.
You now have 80 gold pieces (gained 9).
Key pressed, stopping explore.
You open the door.
There is an open door here.
You open the door.
There is an open door here.
There is an open door here.
An adder comes into view.
The adder hisses angrily.
A gnoll comes into view. It is wielding a +0 spear.
There are monsters nearby!
There are monsters nearby!
A gnoll comes into view. It is wielding a +0 spear.
A gnoll comes into view. It is wielding a +0 flail.
The gnoll shouts! x2; You hear a shout! x2
You barely miss the adder.
The gnoll shouts!
Your grab misses the adder. You squeeze the adder! The adder barely misses you.
A kobold comes into view. It is wielding a +0 dagger.
The gnoll throws a throwing net.
The throwing net hits you.
You become entangled in the net!
The adder bites you. 😕 HP[-3]
You take 3 damage, and now have 26/29 hp.
You struggle against the net.
The kobold throws a stone.
The stone closely misses you. The adder bites you.
You are poisoned.
The adder poisons you! 😕 HP[-3]
You take 3 damage, and now have 23/29 hp.
Unknown command.
Unknown command.
You tear a large gash into the net.
You feel sick. The adder bites you.
You are more poisoned.
The adder poisons you!
A goblin comes into view. It is wielding a +0 dagger. 😮 HP[-5]
You take 5 damage, and now have 18/29 hp.
You struggle against the net.
You feel very sick. The adder bites you.
* * * LOW HITPOINT WARNING * * *
The kobold throws a stone.
The stone closely misses you. The adder barely misses you. 😨 HP[-7]
You take 7 damage, and now have 11/29 hp.
MASSIVE DAMAGE!! (PAUSE)
You shred the net and break free!
You feel sick.
The kobold throws a stone.
The stone hits you but does no damage. The adder barely misses you. 😨 HP[-2]
You take 2 damage, and now have 9/29 hp.
You miss the adder. You grab the adder. Your squeeze misses the adder.
You constrict the adder, but do no damage.
You feel sick. The adder barely misses you. The gnoll hits you with a +0 flail.
* * * LOW HITPOINT WARNING * * *
The adder bites you.
* * * LOW HITPOINT WARNING * * *
The gnoll hits you from afar with a +0 spear.
You die...

Skill      XL: |  1  2  3 |
---------------+----------+-----
Fighting       | 2 |  2.0
Dodging        | |  2.7
Unarmed Combat | |  3.5
Shapeshifting  | |  3.3

Action                     |  1- 3 |  4- 6 || total
---------------------------+-------+-------++-------
  Melee: Unarmed           |    56 |     4 ||    60
         Constrict         |    20 |     1 ||    21
         Tentacles         |    13 |     2 ||    15
         Long sword        |       |     4 ||     4
   Stab: Sleeping          |     5 |     1 ||     6
 Armour: Skin              |     3 |     1 ||     4
  Dodge: Dodged            |    30 |     9 ||    39

Levels and vault maps discovered:
D:1:      kb_arrival_jail, layout_basic
D:2:      layout_basic, basic_altar

Notes
Turn   | Place    | Note
-------+----------+-------------------------------------------
     0 | D:1      | spiderkeys the Octopode Shapeshifter began the quest for
                  | the Orb.
     0 | D:1      | Reached XP level 1. HP: 13/13 MP: 1/1
     0 | D:1      | magus.rc [v1.11.6]
     2 | D:1      | Noticed a tengu
     2 | D:1      | Noticed a draconian
     4 | D:1      | Noticed an elf
     4 | D:1      | Noticed a troll
     6 | D:1      | Noticed a felid
     6 | D:1      | Noticed an armataur
    10 | D:1      | Noticed a ghoul
    10 | D:1      | Noticed a human
    12 | D:1      | Noticed an octopode
    12 | D:1      | Noticed a naga
    14 | D:1      | Noticed an ogre
    14 | D:1      | Noticed a gargoyle
    16 | D:1      | Noticed a minotaur
    16 | D:1      | Noticed a merfolk
    18 | D:1      | Noticed a vine stalker
    20 | D:1      | Noticed a demigod
    20 | D:1      | Noticed a spriggan
    22 | D:1      | Noticed a formicid
    22 | D:1      | Noticed a vampire
    24 | D:1      | Noticed a felid
    24 | D:1      | Noticed a demonspawn
    26 | D:1      | Noticed a gargoyle
    26 | D:1      | Noticed an octopode
    52 | D:1      | You add the spells Vhi's Electric Charge, Arcjolt and
                  | Maxwell's Capacitive Coupling to your library.
   173 | D:1      | Reached XP level 2. HP: 18/18 MP: 2/2
   407 | D:1      | Reached XP level 3. HP: 14/23 MP: 3/3
   813 | D:2      | Found a blossoming altar of Fedhas.
   931 | D:2      | Reached skill level 2 in Fighting
   931 | D:2      | Reached XP level 4. HP: 29/29 MP: 4/4
  1150 | D:2      | HP: 7/29 [poisoned by an adder]
  1150 | D:2      | HP: 3/29 [adder (2)]
  1150 | D:2      | Slain by a gnoll

Vanquished Creatures
  2 adders (D:2)
  4 dart slugs
  4 ball pythons
  3 bats (D:1)
  An endoplasm (D:1)
  3 giant cockroaches
  A goblin (D:1)
  5 hobgoblins (D:1)
  2 kobolds
  4 quokkas
  3 frilled lizards
  5 rats
37 creatures vanquished.

Table legend:
 A = Non-vault XP
 B = Vault XP
 C = Vault XP percentage of total XP
 D = Non-vault monster count
 E = Vault monster count
 F = Vault count percentage of total count
                 A         B        C        D         E       F
            +---------+---------+-------+---------+---------+-------
      Total |      95 |       0 |   0.0 |      37 |       0 |   0.0
            +---------+---------+-------+---------+---------+-------
        D:1 |      50 |       0 |   0.0 |      25 |       0 |   0.0
        D:2 |      45 |       0 |   0.0 |      12 |       0 |   0.0
            +---------+---------+-------+---------+---------+-------

Skill      XL: |  1  2  3 |
---------------+----------+-----
Fighting       | 2 |  2.0
Dodging        | |  2.7
Unarmed Combat | |  3.5
Shapeshifting  | |  3.3

Action                     |  1- 3 |  4- 6 || total
---------------------------+-------+-------++-------
  Melee: Unarmed           |    56 |     4 ||    60
         Constrict         |    20 |     1 ||    21
         Tentacles         |    13 |     2 ||    15
         Long sword        |       |     4 ||     4
   Stab: Sleeping          |     5 |     1 ||     6
 Armour: Skin              |     3 |     1 ||     4
  Dodge: Dodged            |    30 |     9 ||    39

Illustrated notes

Table legend:
 A = Kills in this place as a percentage of kills in the entire game.
 B = Kills by you in this place as a percentage of kills by you in the entire game.
 C = Kills by friends in this place as a percentage of kills by friends in the entire game.
 D = Other kills in this place as a percentage of other kills in the entire game.
 E = Experience gained in this place as a percentage of experience gained in the entire game.
 F = Experience gained in this place divided by the number of levels of this place that you have seen.
                   A       B       C       D       E      F
               +-------+-------+-------+-------+-------+----------------------
         Total | 100.0 | 100.0 |   N/A |   N/A | 100.0 |  47.5
       Dungeon | 100.0 | 100.0 |   N/A |   N/A | 100.0 |  47.5
               +-------+-------+-------+-------+-------+----------------------

Table legend: (Time is in decaauts)
 A = Elapsed time spent in this place.
 B = Non-inter-level travel time spent in this place.
 C = Inter-level travel time spent in this place.
 D = Time resting spent in this place.
 E = Time spent auto-exploring this place.
 F = Levels seen in this place.
 G = Mean time per level.
                   A        B        C        D        E       F      G
               +--------+--------+--------+--------+--------+-----+--------+
         Total |   1147 |   1129 |     18 |      0 |    939 |   2 |  573.5 |
       Dungeon |   1147 |   1129 |     18 |      0 |    939 |   2 |  573.5 |
               +--------+--------+--------+--------+--------+-----+--------+

Top non-repeatable levels by time:
     D:1: 806 daAuts
     D:2: 341 daAuts
